 Dungeon Crawl Stone Soup version 0.24-a0-789-g35933f4 (webtiles) character file.

Game seed: 5230830149278037811, levelgen mode: deterministic

2970 2tousent the Martial Artist (level 9, -2/64 HPs)
             Began as a Purple Draconian Transmuter on Oct 9, 2019.
             Was an Initiate of Wu Jian.
             Slain by Grum
             ... wielding a -2 spear of pain
              (17 damage)
             ... on level 8 of the Dungeon.
             The game lasted 00:27:34 (8277 turns).

2tousent the Martial Artist (DrTm)                  Turns: 8277, Time: 00:27:35

Health: -2/64      AC:  8    Str: 12    XL:     9   Next: 52%
Magic:  18/19      EV: 12    Int: 14    God:    Wu Jian [......]
Gold:   64         SH:  0    Dex: 15    Spells: 10/21 levels left

rFire    + . .     SeeInvis .     - Unarmed
rCold    . . .     Gourm    .   (no shield)
rNeg     . . .     Faith    .   (armour unavailable)
rPois    .         Spirit   .   (helmet restricted)
rElec    .         Reflect  .   (no cloak)
rCorr    .         Harm     .   q - +0 pair of gloves
MR       +....                  (no boots)
Stlth    +.........             t - amulet of the acrobat
HPRegen  0.20/turn              w - ring of protection from fire
MPRegen  0.16/turn              (no ring)

@: short of breath
A: breathe power, unfitting armour, cold-blooded, AC +7
a: Breathe Dispelling Energy, Renounce Religion


You were on level 8 of the Dungeon.
You worshipped Wu Jian.
Wu Jian was noncommittal.
You were not hungry.

You visited 2 branches of the dungeon, and saw 9 of its levels.

You collected 400 gold pieces.
You spent 336 gold pieces at shops.

Inventory:

Missiles
 a - 175 arrows
 i - 3 boomerangs of dispersal (quivered)
Armour
 q - a +0 pair of gloves (worn)
Jewellery
 n - an uncursed amulet of guardian spirit
 t - an amulet of the acrobat (around neck)
 w - a ring of protection from fire (left hand)
 y - an uncursed ring of protection from cold {unknown}
Wands
 h - a wand of acid (10)
Scrolls
 g - 5 scrolls of identify
 k - 2 scrolls of teleportation
 l - 2 scrolls of enchant armour
 o - 2 scrolls of remove curse
 s - a scroll of blinking
 x - a scroll of fog {unknown}
 A - a scroll of fear {unknown}
 B - a scroll of magic mapping
Potions
 b - 2 potions of heal wounds
 d - a potion of agility
 e - 2 potions of brilliance
 f - 2 potions of degeneration
 j - a potion of magic
 m - 5 potions of curing
 p - a potion of might {unknown}
 r - 3 potions of flight
 u - a potion of mutation {unknown}
 v - a potion of lignification {unknown}
 z - a potion of haste {unknown}
 C - a potion of invisibility {unknown}
Comestibles
 c - 18 rations
 D - 2 chunks of flesh


   Skills:
 - Level 1.1 Fighting
 - Level 1.7 Dodging
 * Level 9.0 Unarmed Combat
 + Level 6.9 Spellcasting
 * Level 8.7 Transmutations


You had 10 spell levels left.
You knew the following spells:

 Your Spells              Type           Power        Failure   Level  Hunger
a - Blade Hands           Tmut           ####......   11%         5    ######.
b - Spider Form           Tmut/Pois      ###.......   7%          3    ##.....
c - Sticks to Snakes      Tmut           ####....     1%          2    #......
d - Beastly Appendage     Tmut           ####..       1%          1    None

Your spell library contained the following spells:

 Spells                   Type           Power        Failure   Level  Hunger
 Corona                   Hex            #......      14%         1    None
 Corpse Rot               Necr           N/A          22%         2    #......
 Ensorcelled Hibernation  Hex/Ice        #.....       22%         2    #......
 Sublimation of Blood     Necr           #.........   22%         2    #......
 Ice Form                 Ice/Tmut       ###.....     24%         4    ####...
 Confuse                  Hex            #.......     41%         3    ##.....
 Dazzling Spray           Conj/Hex       #.....       41%         3    ##.....
 Tukima's Dance           Hex            #.......     41%         3    ##.....
 Agony                    Necr           #.......     99%         5    ######.
 Bolt of Draining         Conj/Necr      #.........   99%         5    ######.
 Dispel Undead            Necr           #.......     99%         5    ######.
 Excruciating Wounds      Chrm/Necr      #.........   99%         5    ######.
 Metabolic Englaciation   Hex/Ice        #.........   99%         5    ######.
 Bolt of Cold             Conj/Ice       #.........   100%        6    #######
 Freezing Cloud           Conj/Ice/Air   #.........   100%        6    #######
 Ozocubu's Refrigeration  Ice            #.........   100%        6    #######
 Simulacrum               Ice/Necr       #.........   100%        6    #######


Dungeon Overview and Level Annotations

Branches:
Dungeon (8/15)             Temple (1/1) D:7
   Lair: D:8-11

Altars:
Dithmenos
Elyvilon
Fedhas
Gozag
Hepliaklqana
Makhleb
Nemelex Xobeh
Okawaru
Qazlal
Ru
Trog
Uskayaw
Vehumet
Wu Jian
Xom
The Shining One

Shops:
D:6 *

Annotations:
D:7 2 runed translucent doors, Despondentz's ghost, novice TrMo
D:8 Grum


Innate Abilities, Weirdness & Mutations

You can breathe bolts of dispelling energy.
Your rich purple scales are hard. (AC +7)
You cannot fit into any form of body armour.
You are cold-blooded and may be slowed by cold attacks.


Message History

Aim: a wolf (severely wounded)
The bolt of acid hits the wolf!
The wolf is splashed with acid!
The acid corrodes the wolf!
You kill the wolf!
The Council accepts your kill.
Your Unarmed Combat skill increases to level 9!
Your hands revert to their normal proportions.
Your +0 pair of gloves unmelds from your body.
Grum the Hunter comes into view.
He is wielding a -2 spear of pain.
A wolf comes into view.
Grum barely misses you.
You see here a wolf corpse.
You butcher the wolf corpse.
The wolf howls!
Grum misses you.
Things that are here:
4 chunks of flesh; a wolf skeleton
There is a stone staircase leading up here.
Grum hits you from afar with a -2 spear of pain!
You die...

#.# #........#.#
#.####........#h#
#..........##.#.#
#.#######.)##.#.#
#.#######..##.#
#..........##h#
#.#######..##g#
#.# #..##.# #.#
#..#@.# #.#
#####..#..# #.#
#.........#
#.#....#..#
#....#..#
#.#..#..#
#........
......#.#.
.#..##.#.###


You could see Grum and a wolf.

Vanquished Creatures
  A two-headed ogre (D:8)
  A water moccasin (D:6)
  A sky beast (D:6)
  A phantom (D:7)
  A necrophage (D:7)
  3 centaurs
  3 wolves (D:8)
  An ogre (D:7)
  A bullfrog (D:6)
  4 scorpions
  2 bullfrog zombies (D:6)
  A crimson imp (Temple)
  A quasit (D:5)
  A centaur zombie (D:6)
  3 jellies
  4 orc wizards
  2 orc priests
  2 hounds
  2 centaur skeletons
  2 iguanas
  Jessica (D:2)
  2 worker ants
  2 hound skeletons
  Robin (D:3)
  A howler monkey skeleton (D:4)
  A gnoll (D:5)
  10 adders
  2 shadow imps
  An ooze (D:1)
  2 worms
  A dart slug (D:3)
  3 leopard geckos
  20 orcs
  8 giant cockroaches
  2 hobgoblins
  6 jackals (D:4)
  4 quokkas
  5 bats
  2 frilled lizards
  14 goblins
  7 kobolds
  A leopard gecko skeleton (D:8)
  A quokka skeleton (D:5)
  6 rats (D:1)
140 creatures vanquished.

Vanquished Creatures (collateral kills)
  2 ogres
  A gnoll sergeant (D:5)
  3 gnolls
  An adder (D:4)
  A bat (D:2)
  A goblin (D:2)
  A quokka (D:2)
10 creatures vanquished.

Grand Total: 150 creatures vanquished

Notes
Turn   | Place    | Note
-------+----------+-------------------------------------------
     0 | D:1      | 2tousent the Draconian Transmuter began the quest for the
                  | Orb.
     0 | D:1      | Reached XP level 1. HP: 16/16 MP: 3/3
   326 | D:1      | Reached XP level 2. HP: 16/23 MP: 5/5
   330 | D:1      | Learned a level 2 spell: Sticks to Snakes
   763 | D:1      | Reached XP level 3. HP: 22/28 MP: 4/6
   768 | D:1      | Learned a level 3 spell: Spider Form
  1104 | D:2      | Found a radiant altar of Vehumet.
  1122 | D:2      | Noticed Jessica
  1133 | D:2      | Killed Jessica
  1133 | D:2      | Reached XP level 4. HP: 31/35 MP: 0/7
  1206 | D:2      | Reached skill level 4 in Unarmed Combat
  2155 | D:3      | Noticed Robin
  2168 | D:3      | Reached XP level 5. HP: 18/40 MP: 3/9
  2172 | D:3      | Killed Robin
  3371 | D:4      | Reached skill level 5 in Unarmed Combat
  3371 | D:4      | Reached XP level 6. HP: 41/47 MP: 4/10
  3417 | D:4      | Learned a level 5 spell: Blade Hands
  3906 | D:4      | Found a stormy altar of Qazlal.
  4115 | D:5      | Entered Level 5 of the Dungeon
  4189 | D:5      | Found an opulent altar of Gozag.
  4508 | D:5      | Reached skill level 5 in Transmutations
  4516 | D:5      | Your scales start taking on a rich purple colour.
  4516 | D:5      | Reached XP level 7. HP: 45/52 MP: 13/13
  4927 | D:5      | Reached skill level 6 in Unarmed Combat
  5371 | D:6      | Reached skill level 5 in Spellcasting
  5432 | D:6      | Reached XP level 8. HP: 38/59 MP: 9/15
  5949 | D:6      | Found Jagolus's Assorted Antiques.
  5957 | D:6      | Bought a scroll labeled RUXKUIQ XOKIA for 21 gold pieces
  5990 | D:6      | Reached skill level 7 in Unarmed Combat
  6072 | D:6      | Found a hazy altar of Hepliaklqana.
  6499 | D:6      | Identified a scroll of acquirement
  6511 | D:7      | Found a burning altar of Makhleb.
  6752 | D:7      | Found a stormy altar of Qazlal.
  6756 | D:7      | Found a hide-covered altar of Uskayaw.
  6761 | D:7      | Found a shimmering altar of Xom.
  6804 | D:7      | Found a staircase to the Ecumenical Temple.
  6814 | Temple   | Entered the Ecumenical Temple
  6874 | Temple   | Became a worshipper of the Wu Jian Council
  7010 | D:6      | Bought a paperback book for 315 gold pieces
  7260 | D:7      | Found a large runed translucent door.
  7265 | D:7      | Found a large runed translucent door.
  7267 | D:7      | Noticed Despondentz's ghost (novice TrMo)
  7357 | D:7      | Found a blossoming altar of Fedhas.
  7718 | D:7      | Reached skill level 8 in Unarmed Combat
  7718 | D:7      | Reached XP level 9. HP: 64/64 MP: 15/18
  7950 | D:8      | Noticed a two-headed ogre
  7972 | D:8      | Killed a two-headed ogre
  8264 | D:8      | Reached skill level 9 in Unarmed Combat
  8265 | D:8      | Noticed Grum
  8277 | D:8      | Slain by Grum

Levels and vault maps discovered:
D:1:      onia_arrival_larder, layout_loops_corners
D:2:      layout_rooms, vehumet_crystals, uniq_jessica
D:3:      layout_basic, uniq_robin
D:4:      layout_loops_cross, first_ration, grunt_qazlal_sundering
D:5:      layout_loops_cross, nicolae_gozag_cash_rules_everything_around_me
D:6:      layout_basic, serial_shops, shop, basic_altar
D:7:      layout_basic, lemuel_crystal_altar, grunt_temple_overflow_diamond,
          kennysheep_little_box, minmay_temple_entry_large_hall,
          ebering_ghost_disaster_area, chequers_serial_rivers_micro_d,
          grunt_ogre_cave, corner_web_ring
D:8:      layout_basic, lemuel_crystal_altar, uniq_joseph, uniq_harold,
          uniq_grum
Temple:   regret_index_temple_waves

Skill      XL: |  1  2  3  4  5  6  7  8  9 |
---------------+----------------------------+-----
Transmutations | 3 4 5 6 7 8 |  8.7
Unarmed Combat | 4 5 6 8 9 |  9.0
Spellcasting   | 3 4 5 6 |  6.9
Fighting       | |  1.1
Dodging        | |  1.7

Action                   |  1- 3 |  4- 6 |  7- 9 || total
-------------------------+-------+-------+-------++-------
Melee: Unarmed           |    82 |   231 |   188 ||   501
       Tailslap          |     8 |    20 |    13 ||    41
       Headbutt          |     2 |     3 |     6 ||    11
       Kick              |       |     3 |     8 ||    11
       Punch             |       |       |     2 ||     2
 Cast: Sticks to Snakes  |     2 |     4 |     9 ||    15
       Beastly Appendage |     1 |     5 |     5 ||    11
       Spider Form       |     1 |    15 |    22 ||    38
       Blade Hands       |       |       |     3 ||     3
Invok: Lunge             |       |       |    12 ||    12
 Abil: Breathe Dispellin |       |       |     1 ||     1
Evoke: Wand              |       |       |     2 ||     2
  Use: Scroll            |       |    12 |     5 ||    17
       Potion            |       |     3 |       ||     3
 Stab: Sleeping          |     2 |     4 |     4 ||    10
  Eat: Chunk             |     1 |    13 |    15 ||    29
Armor: Skin              |    25 |    46 |    18 ||    89
Dodge: Dodged            |    51 |   176 |   109 ||   336

Table legend:
 A = Non-vault XP
 B = Vault XP
 C = Vault XP percentage of total XP
 D = Non-vault monster count
 E = Vault monster count
 F = Vault count percentage of total count
                 A         B        C        D         E       F
            +---------+---------+-------+---------+---------+-------
      Total |    3714 |     529 |  12.5 |     131 |      19 |  12.7
            +---------+---------+-------+---------+---------+-------
        D:1 |      36 |      10 |  21.7 |      17 |       7 |  29.2
        D:2 |      44 |      37 |  45.7 |      13 |       1 |   7.1
        D:3 |      82 |      28 |  25.5 |      18 |       7 |  28.0
        D:4 |     358 |       0 |   0.0 |      26 |       0 |   0.0
        D:5 |     420 |       0 |   0.0 |      15 |       0 |   0.0
        D:6 |    1032 |       0 |   0.0 |      21 |       0 |   0.0
        D:7 |     585 |     112 |  16.1 |      15 |       1 |   6.2
        D:8 |    1096 |     342 |  23.8 |       4 |       3 |  42.9
     Temple |      61 |       0 |   0.0 |       2 |       0 |   0.0
            +---------+---------+-------+---------+---------+-------
